 Dungeon Crawl Stone Soup version 0.18.1-8-gdd0e5ea (webtiles) character file.

124 Metae the Conjurer (level 4, -10/25 HPs)
             Began as a Deep Elf Conjurer on June 3, 2016.
             Killed by divine providence
             ... invoked by an orc priest
              (16 damage)
             ... on level 3 of the Dungeon.
             The game lasted 00:26:12 (4042 turns).

Metae the Conjurer (Deep Elf Conjurer)              Turns: 4042, Time: 00:26:13

Health: -10/25     AC:  3    Str:  5    XL:     4   Next: 81%
Magic:  8/11       EV: 13    Int: 21    God:
Gold:   111        SH:  0    Dex: 15    Spells: 3 memorised, 3 levels left

rFire  . . .     SeeInvis .     c - +0 dagger
rCold  . . .     Gourm    .     a - +0 robe
rNeg   . . .     Faith    .     (no shield)
rPois  .         Spirit   .     (no helmet)
rElec  .         Dismiss  .     (no cloak)
rCorr  .         Reflect  .     u - +0 pair of gloves
SustAt .         Harm     .     (no boots)
MR     .....                    (no amulet)
Stlth  ++........               (no ring)
                                (no ring)

@: not resistant to hostile enchantments, unstealthy
A: no striking features
a: no special abilities


You were on level 3 of the Dungeon.
You were not hungry.

You visited 1 branch of the dungeon, and saw 3 of its levels.

You collected 111 gold pieces.

Inventory:

Hand Weapons
 c - a +0 dagger (weapon)
 j - a +0 short sword
 t - a -2 dagger
Missiles
 k - 4 silver tomahawks (quivered)
Armour
 a - a +0 robe (worn)
 d - a +0 ring mail
 r - a +0 chain mail
 u - a +0 pair of gloves (worn)
Jewellery
 m - an uncursed ring of loudness
Scrolls
 e - 3 scrolls of identify {unknown}
 g - a scroll of magic mapping {unknown}
 h - 4 scrolls of remove curse
 i - a scroll of teleportation {unknown}
 n - a scroll of fear {unknown}
 p - a scroll of immolation {unknown}
Potions
 f - a potion of lignification {unknown}
 q - a potion of heal wounds {unknown}
 s - a potion of degeneration {unknown}
 v - a potion of haste {unknown}
Books
 b - a book of Conjurations

   Spells                             Type                      Level
   a - Magic Dart                     Conjuration                  1
   b - Searing Ray                    Conjuration                  2
   c - Dazzling Spray                 Conjuration/Hexes            3
   d - Fulminant Prism                Conjuration/Hexes            4
   e - Iskenderun's Mystic Blast      Conjuration                  4
   f - Iskenderun's Battlesphere      Conjuration/Charms           5
Comestibles
 l - a slice of pizza
 o - a chunk of flesh


   Skills:
 * Level 1.5 Fighting
 + Level 1.7 Armour
 + Level 2.8 Dodging
 + Level 2.4 Stealth
 + Level 3.5 Spellcasting
 * Level 5.2 Conjurations


You had 3 spell levels left.
You knew the following spells:

 Your Spells              Type           Power        Failure   Level  Hunger
a - Magic Dart            Conj           ####         1%          1    None
b - Searing Ray           Conj           ####..       1%          2    ##.....
c - Iskenderun's Mystic   Conj           ####....     17%         4    ####...


Dungeon Overview and Level Annotations

Branches:
Dungeon (3/15)

Altars:
Nemelex Xobeh
The Shining One


Message History

The orc wizard seems to speed up.
Found a ring mail.
A worm comes into view.
The orc wizard gestures at you while chanting.
The magic dart hits you!
The orc priest miscasts a cantrip.
The orc wizard casts a spell at you. The magic dart hits you!
There is a stone staircase leading down here.
You can't go up here!
You can't go up here!
The orc wizard gestures wildly while chanting.
The orc wizard blinks!
The orc priest invokes the aid of Beogh against you.
Pain shoots through your body!
* * * LOW HITPOINT WARNING * * *
The orc priest invokes the aid of Beogh against you.
Beogh smites you!
Ouch! That really hurt!
You die...

###..............#
#...#.........###
#...............#########.
...........................# #
.?.........#....[......# #.# .# #
.......###.............###.##.#.#
...........>.....................
.....#........#######............
.............o.o@................
.#.#.........########...<.###.
..#........# #####.# . ##########
###


You could see an orc priest and an orc wizard.

Vanquished Creatures
  Ijyb (D:2)
  4 adders
  An ooze (D:1)
  A dart slug (D:1)
  2 orcs (D:3)
  A ball python (D:3)
  2 bats
  A giant cockroach (D:1)
  4 goblins
  9 hobgoblins
  8 jackals (D:1)
  2 quokkas (D:2)
  4 giant newts
  5 kobolds
  9 rats
54 creatures vanquished.

Vanquished Creatures (others)
  A goblin (D:1)
1 creature vanquished.

Grand Total: 55 creatures vanquished

Notes
Turn   | Place    | Note
--------------------------------------------------------------
     0 | D:1      | Metae the Deep Elf Conjurer began the quest for the Orb.
     0 | D:1      | Reached XP level 1. HP: 10/10 MP: 6/6
   314 | D:1      | Reached XP level 2. HP: 15/15 MP: 5/8
   318 | D:1      | Learned a level 2 spell: Searing Ray
  1312 | D:1      | Reached XP level 3. HP: 20/20 MP: 4/9
  1385 | D:1      | Reached skill level 1 in Armour
  2566 | D:2      | Reached skill level 1 in Fighting
  2780 | D:2      | Found a sparkling altar of Nemelex Xobeh.
  2976 | D:2      | Reached skill level 5 in Conjurations
  3028 | D:2      | Found a glowing golden altar of the Shining One.
  3197 | D:2      | Reached XP level 4. HP: 23/25 MP: 5/11
  3424 | D:2      | Learned a level 4 spell: Iskenderun's Mystic Blast
  3713 | D:3      | Noticed Ijyb
  3729 | D:2      | Killed Ijyb
  4042 | D:3      | Killed from afar by an orc priest

Skill      XL: |  1  2  3 |
---------------+----------+-----
Armour         | 1 |  1.7
Fighting       | 1 |  1.5
Conjurations   | 5 |  5.2
Dodging        | |  2.8
Stealth        | |  2.4
Spellcasting   | |  3.5

Action                   |  1- 3 |  4- 6 || total
-------------------------+-------+-------++-------
Melee: Unarmed           |     4 |       ||     4
       Dagger            |    15 |     3 ||    18
 Cast: Magic Dart        |    95 |    16 ||   111
       Searing Ray       |     3 |       ||     3
       Iskenderun's Myst |       |     4 ||     4
  Use: Scroll            |     1 |     1 ||     2
  Eat: Bread ration      |     1 |       ||     1
       Fruit             |     2 |       ||     2
       Chunk             |     1 |       ||     1
       Meat ration       |       |     1 ||     1
Armor: Ring mail         |    41 |       ||    41
       Robe              |       |     3 ||     3
Dodge: Dodged            |    55 |     8 ||    63
